 Dungeon Crawl Stone Soup version 0.24-a0-48-g0ecae65 (webtiles) character file.

Game seed: 9603945080975435084

5063 DarkinPup the Fighter (level 10, 0/80 HPs)
             Began as a Demonspawn Gladiator on Feb 3, 2019.
             Was a Follower of Ashenzari.
             Killed from afar by an orc wizard (4 damage)
             ... with a magic dart
             ... on level 9 of the Dungeon.
             The game lasted 00:23:51 (9588 turns).

DarkinPup the Fighter (Demonspawn Gladiator)        Turns: 9588, Time: 00:23:51

Health: 0/80       AC: 11    Str: 14    XL:     10   Next: 31%
Magic:  10/10      EV: 17    Int:  9    God:    Ashenzari [*.....]
Gold:   452        SH:  0    Dex: 19    Spells: 9/9 levels left

rFire    . . .     SeeInvis .   a - +0 long sword
rCold    + . .     Gourm    .   (no shield)
rNeg     . . .     Faith    .   z - +3 leather armour
rPois    .         Spirit   .   m - +1 helmet
rElec    .         Reflect  .   (no cloak)
rCorr    .         Harm     .   (gloves unavailable)
MR       .....                  p - +0 pair of boots {run} (curse)
Stlth    +.........             (no amulet)
HPRegen  0.23/turn              e - ring of protection from cold
MPRegen  0.12/turn              y - +2 ring of slaying

@: quick
A: claws 3, icy blue scales 1, demonic guardian 1, rot immunity
a: Curse Item, Scrying, Renounce Religion


You were on level 9 of the Dungeon.
You worshipped Ashenzari.
Ashenzari was aware of your devotion.
You were not hungry.

You visited 2 branches of the dungeon, and saw 10 of its levels.

You collected 452 gold pieces.

Inventory:

Hand Weapons
 a - a +0 long sword (weapon)
Missiles
 d - 3 throwing nets (quivered)
Armour
 m - a +1 helmet (worn)
 p - a cursed +0 pair of boots of running (worn)
 z - a +3 leather armour (worn)
Jewellery
 e - a ring of protection from cold (left claw)
 y - a +2 ring of slaying (right claw)
Wands
 u - a wand of polymorph (9)
 v - a wand of random effects (10)
 x - a wand of flame (23)
Scrolls
 b - a scroll of remove curse
 g - a scroll of random uselessness {unknown}
 i - 2 scrolls of teleportation
 k - 2 scrolls of fear
 l - 5 scrolls of amnesia
 o - 2 scrolls of magic mapping {unknown}
 q - a scroll of enchant armour {unknown}
 r - a scroll of blinking {unknown}
 t - 7 scrolls of identify
Potions
 c - a potion of curing
 h - 2 potions of flight
 n - a potion of ambrosia {unknown}
 s - 2 potions of magic {unknown}
 w - a potion of invisibility {unknown}
Comestibles
 f - 13 rations


   Skills:
 + Level 8.0 Fighting
 + Level 7.6 Long Blades
 - Level 1.7 Throwing
 + Level 7.6 Dodging
 + Level 6.6 Unarmed Combat


You had 9 spell levels left.
You didn't know any spells.
Your spell library contained the following spells:

 Spells                   Type           Power        Failure   Level  Hunger
 Infusion                 Chrm           #...         45%         1    ##.....
 Sting                    Conj/Pois      #...         45%         1    ##.....
 Poisonous Vapours        Pois/Air       #.....       61%         2    ###....
 Shroud of Golubria       Chrm/Tloc      #.........   61%         2    ###....
 Song of Slaying          Chrm           #.......     61%         2    ###....
 Mephitic Cloud           Conj/Pois/Air  #.......     83%         3    ####...
 Regeneration             Chrm/Necr      #.........   83%         3    ####...
 Spectral Weapon          Hex/Chrm       #.......     83%         3    ####...
 Cause Fear               Hex            #.........   99%         4    #####..
 Olgreb's Toxic Radiance  Pois           #.......     99%         4    #####..
 Silence                  Hex/Air        #.........   100%        5    ######.
 Venom Bolt               Conj/Pois      #.........   100%        5    ######.
 Yara's Violent Unravell  Hex/Tmut       #.........   100%        5    ######.
 Deflect Missiles         Chrm/Air       #.........   100%        6    #######
 Discord                  Hex            #.........   100%        8    #######


Dungeon Overview and Level Annotations

Branches:
Dungeon (9/15)             Temple (1/1) D:7            Lair (0/6) D:9
    Orc: D:9-12

Altars:
Ashenzari
Cheibriados
Dithmenos
Elyvilon
Gozag
Hepliaklqana
Kikubaaqudgha
Makhleb
Nemelex Xobeh
Okawaru
Qazlal
Ru
Sif Muna
Trog
Uskayaw
Vehumet
Wu Jian
Xom
Yredelemnul
Zin
The Shining One

Shops:
D:9 [[


Innate Abilities, Weirdness & Mutations

You have claws for hands.
You are partially covered in icy blue scales. (AC +2)
A weak demonic guardian rushes to your aid.
You are immune to rotting.


Message History

Deactivating autopickup; reactivate with Ctrl-A.
You swap places.
The orc warrior hits your quasit with a +0 long sword.
Your quasit barely misses the orc warrior.
Your quasit claws the orc warrior but does no damage.
Your quasit barely misses the orc warrior.
You feel sick.
You are no longer poisoned.
Your quasit bites the orc warrior.
Your quasit completely misses the orc warrior.
Your quasit closely misses the orc warrior.
The orc warrior hits your quasit with a +0 long sword!
Your quasit dies!
You open the door.
Found a stone staircase leading down.
There is an open door here.
Found a hazy altar of Hepliaklqana.
A magic dart appears from out of thin air!
The magic dart hits you.
You die...

........##### ######### #.
..................# ## # #.
#...........[.....# ##_# #_## #.
..................##8... ...8###.
#.......##........##.... ....###.
#.......##........#>.. ...._#..
#.................## ....##..
o.5...............# ...8##'.
#{..............@.# #_# #o
#.................# # #.
#.......###'###{################.
##'######5o....o.................
..o.........................§....
...####..........................
...# #.........[................
...# #..∩.........####..........
...# #............# #..........


You could see an orc.

Vanquished Creatures
  A two-headed ogre (D:8)
  A hippogriff (D:8)
  3 orc warriors
  3 ice beasts
  2 ogres
  2 sky beasts
  A phantom (D:4)
  2 centaurs
  2 bullfrogs
  A wyvern skeleton (D:9)
  3 scorpions (D:6)
  4 wights (D:7)
  An electric eel (D:7)
  4 howler monkeys
  5 crimson imps
  2 bullfrog zombies
  A bullfrog skeleton (D:8)
  2 orc priests
  3 hounds
  An iguana (D:5)
  A jelly (D:8)
  8 orc wizards
  6 worker ants
  A hound zombie (D:7)
  A worker ant zombie (D:6)
  7 gnolls
  11 adders
  6 shadow imps
  2 oozes
  2 adder zombies
  A worm (D:2)
  3 dart slugs
  3 leopard geckos
  28 orcs
  A giant cockroach (D:3)
  5 goblins
  7 hobgoblins
  7 jackals
  5 quokkas
  6 bats
  3 frilled lizards
  3 kobolds
  3 leopard gecko skeletons
  3 quokka skeletons
  A quokka zombie (D:8)
  6 rats
174 creatures vanquished.

Vanquished Creatures (collateral kills)
  Pikel (D:4)
  A troll (D:9)
  A hippogriff (D:7)
  Grinder (D:6)
  A hungry ghost (D:7)
  Menkaure (D:4)
  An orc warrior (D:6)
  2 centaurs
  An ogre (D:7)
  2 bullfrogs
  2 scorpions
  An electric eel (D:7)
  2 howler monkeys (D:8)
  A bullfrog zombie (D:6)
  An orc wizard (D:6)
  Natasha (D:2)
  A gnoll (D:2)
  2 adders
  A dart slug (D:2)
  6 orcs
30 creatures vanquished.

Grand Total: 204 creatures vanquished

Notes
Turn   | Place    | Note
-------+----------+-------------------------------------------
     0 | D:1      | DarkinPup the Demonspawn Gladiator began the quest for the
                  | Orb.
     0 | D:1      | Reached XP level 1. HP: 16/16 MP: 1/1
    61 | D:1      | Gained mutation: You have sharp fingernails. [demonic
                  | ancestry]
    61 | D:1      | Reached XP level 2. HP: 7/22 MP: 2/2
   674 | D:1      | Gained mutation: A weak demonic guardian rushes to your
                  | aid. [demonic ancestry]
   674 | D:1      | Reached XP level 3. HP: 28/28 MP: 3/3
  1005 | D:2      | HP: 2/42 [poisoned by an adder]
  1013 | D:2      | HP: 2/42 [poisoned by an adder]
  1827 | D:2      | Gained mutation: You are partially covered in icy blue
                  | scales. (AC +2) [demonic ancestry]
  1827 | D:2      | Reached XP level 4. HP: 20/34 MP: 4/4
  1888 | D:2      | Reached skill level 3 in Fighting
  2000 | D:2      | Noticed Natasha
  2008 | D:2      | Killed Natasha
  2008 | D:2      | Reached skill level 1 in Unarmed Combat
  2189 | D:3      | Gained mutation: You are immune to rotting. [demonic
                  | ancestry]
  2189 | D:3      | Reached XP level 5. HP: 38/41 MP: 5/5
  2208 | D:3      | Identified a +0 pair of boots of running (You found it on
                  | level 3 of the Dungeon)
  2948 | D:4      | Noticed a phantom
  2988 | D:4      | Killed a phantom
  2988 | D:4      | Reached XP level 6. HP: 37/48 MP: 6/6
  3029 | D:4      | Reached skill level 4 in Fighting
  3179 | D:4      | Noticed Menkaure
  3186 | D:4      | Killed Menkaure
  3699 | D:4      | Noticed a slave
  3700 | D:4      | Noticed Pikel
  3700 | D:4      | Noticed a slave
  3700 | D:4      | Noticed a slave
  3700 | D:4      | Noticed a slave
  3744 | D:4      | Killed Pikel
  3744 | D:4      | Reached skill level 5 in Fighting
  3744 | D:4      | Reached skill level 5 in Long Blades
  3744 | D:4      | Reached skill level 5 in Dodging
  3744 | D:4      | Gained mutation: You have very sharp fingernails. [demonic
                  | ancestry]
  3744 | D:4      | Reached XP level 7. HP: 24/56 MP: 7/7
  3905 | D:5      | Entered Level 5 of the Dungeon
  4079 | D:5      | Got a brightly glowing flail
  4080 | D:5      | Identified the +8 flail "Teparph" {freeze, rF+++ rC- Dex-5
                  | Stlth+} (You found it on level 5 of the Dungeon)
  4139 | D:5      | Gained mutation: You have claws for hands. [demonic
                  | ancestry]
  4139 | D:5      | Reached XP level 8. HP: 62/62 MP: 8/8
  4160 | D:5      | Got a smoking rapier
  4163 | D:5      | Identified the +5 rapier of the Eggplant {freeze, +Blink
                  | +Rage rPois Str-4} (You found it on level 5 of the Dungeon)
  4747 | D:6      | Found a glowing silver altar of Zin.
  5021 | D:6      | Reached skill level 6 in Fighting
  5048 | D:6      | Noticed Grinder
  5071 | D:6      | Paralysed by Grinder for 2 turns
  5074 | D:6      | Killed Grinder
  5420 | D:7      | Reached XP level 9. HP: 54/70 MP: 9/9
  5423 | D:7      | Found a transporter.
  5922 | D:7      | Found a transporter.
  6150 | D:7      | Reached skill level 5 in Unarmed Combat
  6164 | D:7      | Found a staircase to the Ecumenical Temple.
  6209 | Temple   | Entered the Ecumenical Temple
  6214 | Temple   | Became a worshipper of Ashenzari the Shackled
  7017 | D:7      | Reached skill level 7 in Fighting
  7814 | D:8      | Found an iron altar of Okawaru.
  8028 | D:9      | Reached XP level 10. HP: 70/79 MP: 10/10
  8131 | D:9      | Reached * piety under Ashenzari
  8310 | D:8      | Noticed a two-headed ogre
  8500 | D:8      | Killed a two-headed ogre
  9016 | D:9      | Found Silurhim's Antique Armour Shop.
  9077 | D:9      | Found an opulent altar of Gozag.
  9077 | D:9      | Found a radiant altar of Vehumet.
  9080 | D:9      | Found a shimmering altar of Xom.
  9368 | D:9      | Reached skill level 8 in Fighting
  9415 | D:9      | Found Farhyent's Antique Armour Emporium.
  9530 | D:9      | Found a staircase to the Lair.
  9566 | D:9      | HP: 3/80 [orc warrior/+0 long sword (7)]
  9574 | D:9      | HP: 3/80 [poisoned by a scorpion]
  9579 | D:9      | HP: 3/80 [poisoned by a scorpion]
  9587 | D:9      | Found a hazy altar of Hepliaklqana.
  9588 | D:9      | Killed from afar by an orc wizard

Vault maps used:
D:1:      dpeg_arrival_chase, minmay_ruptured
D:2:      minmay_stone_trees_small, uniq_natasha
D:3:      st_stairs_6
D:4:      first_ration, uniq_menkaure, uniq_pikel
D:5:      minivault_4, serial_bayou_lake_a
D:6:      lemuel_round_altar, uniq_grinder
D:7:      gammafunk_steamed_eel, minmay_temple_entry_trees
D:8:      okawaru_metal_pillars_1_2
D:9:      nicolae_overflow_hidden_temple, dpeg_oklobed_lair, serial_shops,
          nicolae_shop_stone, nicolae_shop_waterfront, shop
Temple:   minmay_freezing_vapour_temple

Skill      XL: |  1  2  3  4  5  6  7  8  9 10 |
---------------+-------------------------------+-----
Dodging        | 3 4 5 6 7 |  7.6
Long Blades    | 3 4 5 6 7 |  7.6
Fighting       | 3 5 6 7 8 |  8.0
Unarmed Combat | 1 2 4 6 |  6.6
Throwing       | |  1.7

Action                   |  1- 3 |  4- 6 |  7- 9 | 10-12 || total
-------------------------+-------+-------+-------+-------++-------
Melee: Long sword        |    78 |   178 |   523 |   133 ||   912
       Punch             |       |     2 |    16 |     2 ||    20
Invok: Curse Item        |       |       |     1 |       ||     1
  Use: Potion            |     2 |       |       |       ||     2
       Scroll            |       |     3 |     1 |       ||     4
 Stab: Distracted        |       |     2 |     3 |     1 ||     6
  Eat: Chunk             |     2 |     6 |    14 |     1 ||    23
       Ration            |       |       |     1 |     1 ||     2
Armor: Leather armour    |    37 |       |       |     7 ||    44
       Skin              |     7 |       |       |       ||     7
       Scale mail        |     3 |   108 |   258 |    41 ||   410
Dodge: Dodged            |    84 |   122 |   362 |    86 ||   654
       Rpst.: Long sword |    34 |    43 |    94 |    17 ||   188

Table legend:
 A = Non-vault XP
 B = Vault XP
 C = Vault XP percentage of total XP
 D = Non-vault monster count
 E = Vault monster count
 F = Vault count percentage of total count
                 A         B        C        D         E       F
            +---------+---------+-------+---------+---------+-------
      Total |    6276 |     958 |  13.2 |     191 |      13 |   6.4
            +---------+---------+-------+---------+---------+-------
        D:1 |      29 |      12 |  29.3 |      13 |       5 |  27.8
        D:2 |     113 |      28 |  19.9 |      25 |       1 |   3.8
        D:3 |      88 |      14 |  13.7 |      14 |       2 |  12.5
        D:4 |     311 |     626 |  66.8 |      14 |       2 |  12.5
        D:5 |     380 |       0 |   0.0 |      11 |       0 |   0.0
        D:6 |    1072 |     207 |  16.2 |      32 |       1 |   3.0
        D:7 |    1485 |      71 |   4.6 |      27 |       2 |   6.9
        D:8 |    1763 |       0 |   0.0 |      31 |       0 |   0.0
        D:9 |    1035 |       0 |   0.0 |      24 |       0 |   0.0
            +---------+---------+-------+---------+---------+-------
